 Dungeon Crawl Stone Soup version 0.30-a0-989-g0d87f670db (webtiles) character file.

Game seed: 8909788777422590179

336 leviel the Chopper (level 6, -3/53 HPs)
             Began as a Hill Orc Monk on Apr 2, 2023.
             Was a Believer of the Shining One.
             Slain by Menkaure (14 damage)
             ... on level 4 of the Dungeon.
             The game lasted 00:03:42 (2343 turns).

leviel the Chopper (Hill Orc Monk)                  Turns: 2343, Time: 00:03:42

Health: -3/53      AC:  3    Str: 16    XL:     6   Next: 54%
Magic:  6/6        EV: 18    Int: 10    God:    the Shining One [**....]
Gold:   160        SH:  0    Dex: 13    Spells: 5/5 levels left

rFire   . . .      SeeInvis .    a - +0 hand axe
rCold   + . .      Faith    +    (no shield)
rNeg    + . .      Spirit   .    b - +0 robe
rPois   .          Reflect  .    (no helmet)
rElec   .          Rampage  .    (no cloak)
rCorr   .                        o - +0 pair of gloves
Will    .....                    (no boots)
Stlth   +                        l - amulet of faith
HPRegen 0.28/turn                p - +5 ring of evasion
MPRegen 0.10/turn                q - ring of protection from cold

@: hasted, glowing, very quick
A: no striking features
a: Renounce Religion, Divine Shield


You were on level 4 of the Dungeon.
You worshipped the Shining One.
The Shining One was pleased with you.
You visited 1 branch of the dungeon, and saw 4 of its levels.

You collected 160 gold pieces.

Inventory:

Hand Weapons
 a - a +0 hand axe (weapon)
Armour
 b - a +0 robe (worn)
 o - a +0 pair of gloves (worn)
Jewellery
 l - an amulet of faith (around neck)
 p - a +5 ring of evasion (left hand)
 q - a ring of protection from cold (right hand)
Wands
 g - a wand of mindburst (13)
Scrolls
 d - 2 scrolls of fear
 h - a scroll of immolation
 i - 3 scrolls of noise {unknown}
 j - a scroll of blinking {unknown}
 m - a scroll of magic mapping {unknown}
 n - a scroll of identify {unknown}
Potions
 c - a potion of curing {unknown}
 f - 2 potions of lignification
 k - 2 potions of heal wounds {unknown}


   Skills:
 + Level 4.5 Fighting
 * Level 7.7 Axes
 + Level 3.3 Dodging
 + Level 2.3 Stealth


You had 5 spell levels left.
You didn't know any spells.
Your spell library contained the following spells:

 Spells                   Type           Power      Damage    Failure   Level
 Magic Dart               Conj           0%         1d3       36%         1
 Searing Ray              Conj           0%         2d4       50%         2
 Gell's Gravitas          Tloc           0%         N/A       75%         3
 Teleport Other           Tloc           0%         N/A       75%         3
 Fulminant Prism          Conj/Hex       0%         3d5       98%         4
 Dispersal                Tloc           0%         N/A       100%        6
 Borgnjor's Revivificati  Necr           0%         N/A       100%        8
 Necromutation            Tmut/Necr      0%         N/A       100%        8
 Death's Door             Necr           0%         N/A       100%        9


Dungeon Overview and Level Annotations

Branches:
Dungeon (4/15)
 Temple: D:4-7

Altars:
The Shining One

Annotations:
D:3 1 runed translucent door, Crazy Yiuf
D:4 Menkaure


Message History

You hit the black bear.
The black bear is almost dead.
The black bear barely misses you. The black bear closely misses you. x2
The black bear barely misses you. The black bear closely misses you.
The black bear barely misses you.
You hit the black bear.
You kill the black bear!
Menkaure, Prince of Dust comes into view.
Menkaure is nearby!
Okay, then.
As you read the scroll labelled QAFADIHOMM, it crumbles to dust.
The air around you briefly surges with heat, but it dissipates.
It was a scroll of immolation.
It was a potion of haste.
You feel yourself speed up.
Menkaure shouts!
Menkaure gestures wildly while chanting.
Menkaure seems to speed up.
Menkaure casts a spell at you. Pain shoots through your body!
* * * LOW HITPOINT WARNING * * *
You hit Menkaure.
Menkaure is lightly damaged.
Menkaure calls on the powers of darkness!
Your body is wracked with pain!
* * * LOW HITPOINT WARNING * * *
You hit Menkaure.
Menkaure is lightly damaged.
Menkaure completely misses you.
You hit Menkaure.
Menkaure is moderately damaged.
You hit Menkaure.
Menkaure is moderately damaged.
Menkaure closely misses you.
You hit Menkaure.
Menkaure is heavily damaged.
Menkaure completely misses you.
You hit Menkaure but do no damage.
Menkaure is heavily damaged.
Menkaure hits you!
You die...

.####... ## ......#
#.. #.....# #..#
#.>...###..#
#........# #......#
#.M...# #@..## ##
#....####.#
##........#
##........##
...###.......$##
#..........##..#
##.........#....#
#...............##
##................#


You could see Menkaure (fast).

Vanquished Creatures
  A black bear (D:4)
  An ogre (D:4)
  An orc priest (D:4)
  3 gnolls (D:4)
  5 adders
  A dart slug (D:1)
  6 bats
  5 endoplasms
  4 giant cockroaches
  6 hobgoblins
  2 quokkas
  4 ball pythons
  4 frilled lizards
  6 goblins
  7 kobolds
  5 rats
61 creatures vanquished.

Notes
Turn   | Place    | Note
-------+----------+-------------------------------------------
     0 | D:1      | leviel the Hill Orc Monk began the quest for the Orb.
     0 | D:1      | Reached XP level 1. HP: 19/19 MP: 1/1
   130 | D:1      | Reached XP level 2. HP: 26/27 MP: 2/2
   669 | D:2      | Reached XP level 3. HP: 29/33 MP: 3/3
   998 | D:2      | Reached skill level 5 in Axes
  1015 | D:2      | Found a glowing golden altar of the Shining One.
  1026 | D:2      | Became a worshipper of the Shining One
  1026 | D:2      | Reached * piety under the Shining One
  1026 | D:2      | Reached ** piety under the Shining One
  1334 | D:2      | Reached XP level 4. HP: 40/40 MP: 4/4
  1743 | D:3      | You fall into a shaft and drop 1 floor!
  1786 | D:4      | Noticed an ogre
  1803 | D:4      | Killed an ogre
  1804 | D:4      | Reached skill level 6 in Axes
  1804 | D:4      | Reached XP level 5. HP: 13/46 MP: 5/5
  2200 | D:3      | Found a runed translucent door.
  2201 | D:3      | Noticed Crazy Yiuf
  2248 | D:4      | Reached skill level 7 in Axes
  2248 | D:4      | Reached XP level 6. HP: 51/53 MP: 6/6
  2307 | D:4      | Noticed a black bear
  2326 | D:4      | Killed a black bear
  2328 | D:4      | Noticed Menkaure
  2343 | D:4      | Slain by Menkaure

Illustrated notes

Levels and vault maps discovered:
D:1:      minmay_arrival_stone_box, layout_loops_ring
D:2:      layout_loops_corners, grunt_ministairs_7,
          minmay_misc_feat_four_crosses, minmay_hexomino_r4
D:3:      layout_rooms, uniq_crazy_yiuf_cottage
D:4:      layout_layer_cave, nicolae_overflow_crystal_walls,
          minmay_temple_entry_proselytizer, gammafunk_ghost_smash,
          nicolae_ossuary_entry_plus, kennysheep_generic_room_16, uniq_menkaure

Skill      XL: |  1  2  3  4  5 |
---------------+----------------+-----
Fighting       | 4 |  4.5
Axes           | 5 6 7 |  7.7
Stealth        | 2 |  2.3
Dodging        | 3 |  3.3

Action                     |  1- 3 |  4- 6 || total
---------------------------+-------+-------++-------
  Melee: Hand axe          |   113 |    89 ||   202
         Punch             |     1 |     1 ||     2
    Use: Potion            |       |     4 ||     4
         Scroll            |       |     3 ||     3
   Stab: Sleeping          |     4 |       ||     4
 Armour: Robe              |    32 |    20 ||    52
         Skin              |       |     6 ||     6
  Dodge: Dodged            |    95 |   112 ||   207

Table legend: (Time is in decaauts)
 A = Elapsed time spent in this place.
 B = Non-inter-level travel time spent in this place.
 C = Inter-level travel time spent in this place.
 D = Time resting spent in this place.
 E = Time spent auto-exploring this place.
 F = Levels seen in this place.
 G = Mean time per level.
                   A        B        C        D        E       F      G
               +--------+--------+--------+--------+--------+-----+--------+
         Total |   2343 |   2271 |     72 |    383 |   1382 |   4 |  585.8 |
       Dungeon |   2343 |   2271 |     72 |    383 |   1382 |   4 |  585.8 |
               +--------+--------+--------+--------+--------+-----+--------+

Top non-repeatable levels by time:
     D:2: 998 daAuts
     D:1: 670 daAuts
     D:4: 370 daAuts
     D:3: 305 daAuts
